[Event "Late-Titled-Tuesday-Blitz-May-07-2024"]
[Site "Chess.com"]
[Date "2024.05.07"]
[Round "2"]
[White "miraitrunks"]
[Black "Meri-Arabidze"]
[Result "0-1"]
[WhiteElo "2244"]
[BlackElo "2716"]
[TimeControl "180+1"]
[EndTime "14:17:46 PDT"]
[Termination "Meri-Arabidze won on time"]

1. e4 c5 2. Nf3 e6 3. c3 d5 4. exd5 exd5 5. d4 Nc6 6. Bb5 Bd6 7. dxc5 Bxc5 8. O-O Ne7 9. Bg5 O-O 10. Re1 Be6 11. Nbd2 Qb6 12. Bxc6 Bxf2+ 13. Kf1 Nxc6 14. Re2 Bc5 15.
Nb3 h6 16. Bf4 Rfe8 17. Qd3 Rad8 18. Rae1 Bf8 19. Nfd4 Nxd4 20. Nxd4 Bd7 21. Qg3 Qf6 22. Kg1 Bc5 23. Be5 Qg5 24. Qd3 Bf5 25. Qb5 Bxd4+ 26. cxd4 Be4 27. Qxb7 Re7 28. Qb3 Rde8 29. Qg3 f6 30. Bf4 Qxg3 31. Bxg3 g5 32. b4 f5 33. Bd6 Rd7 34. Be5 f4 35. Rc1 Re6 36. Rc8+ Kf7 37. Rh8 Kg6 38. h4 Rc6 39. hxg5 hxg5 40. Rg8+ Kf5 41. Rf8+ Kg4 42. Rf2 Rh7 0-1

[Event "Late-Titled-Tuesday-Blitz-May-07-2024"]
[Site "Chess.com"]
[Date "2024.05.07"]
[Round "2"]
[White "KNVB"]
[Black "stasOR4ik"]
[Result "1-0"]
[WhiteElo "2804"]
[BlackElo "2475"]
[TimeControl "180+1"]
[EndTime "14:17:47 PDT"]
[Termination "KNVB won on time"]

1. a4 d5 2. Ra3 e5 3. e3 Bxa3 4. Nxa3 c6 5. b3 Ne7 6. Bb2 f6 7. Ne2 O-O 8. d3 Be6 9. Nb1 Nd7 10. Nd2 c5 11. h4 a6 12. h5 b5 13. h6 g6 14. Qa1 c4 15. bxc4 dxc4 16. dxc4 bxc4 17. Ng3 Qc7 18. Be2 Nd5 19. Nde4 Rac8 20. O-O c3 21. Ba3 Rf7 22. Nd6 a5 23. Nxc8 Qxc8 24. Rb1 f5 25.
Bb5 N7f6 26. Bd6 Ng4 27. Qa3 Bd7 28. Be2 Nxh6 29. Rb8 f4 30. Rxc8+ Bxc8 31. exf4 exf4 32. Bc4 Be6 33. Ne4 Ng4 34. Ng5 f3 35. Nxf7 1-0

[Event "Late-Titled-Tuesday-Blitz-May-07-2024"]
[Site "Chess.com"]
[Date "2024.05.07"]
[Round "2"]
[White "dianamirza"]
[Black "GothamChess"]
[Result "0-1"]
[WhiteElo "1942"]
[BlackElo "2703"]
[TimeControl "180+1"]
[EndTime "14:17:47 PDT"]
[Termination "GothamChess won by resignation"]

1. d4 d5 2. Nf3 Nf6 3. e3 e6 4. Bd3 g6 5. O-O Bg7 6. b3 O-O 7. Bb2 a5 8. Nbd2 a4 9. a3 axb3 10.
cxb3 b6 11. Rc1 Ba6 12. Qe2 Re8 13. Ne5 Bxd3 14. Qxd3 c5 15. f4 Nfd7 16. Ndf3 f6 17.
Nxd7 Nxd7 18. dxc5 Nxc5 19. Qc3 e5 20. Rfd1 Qd7 21. fxe5 fxe5 22. b4 Na4 23. Qb3 Kh8 24. e4 d4 25. Rd3 Bf6 26. Nd2 b5 27. Rf1 Bg5 28. Nf3 Bh6 29. Nxe5 Rxe5 30. Bxd4 Qe8 31.
Bxe5+ Qxe5 32. Qf7 Rf8 33. Qa7 Nc3 34. Rxf8+ Bxf8 35. Qd4 Qxd4+ 36. Rxd4 Ne2+ 37. Kf2 Nxd4 38. Ke3 Nc2+ 39. Kd3 Nxa3 40. Kd4 Bxb4 41. e5 Kg8 42.
Kd5 Kf8 43. Ke6 Ke8 44. g4 Bc3 45. h4 b4 46. h5 b3 47. hxg6 hxg6 48. Kf6 b2 49.
Kxg6 b1=R 50. g5 Bxe5 51. Kh5 Rh1+ 0-1

[Event "Late-Titled-Tuesday-Blitz-May-07-2024"]
[Site "Chess.com"]
[Date "2024.05.07"]
[Round "2"]
[White "GMG"]
[Black "Veleamater"]
[Result "1-0"]
[WhiteElo "2810"]
[BlackElo "2437"]
[TimeControl "180+1"]
[EndTime "14:17:47 PDT"]
[Termination "GMG won on time"]

1. d4 g6 2. e4 Bg7 3. Nf3 d6 4.
Bc4 Nf6 5. Qe2 O-O 6. e5 Nfd7 7. e6 Nb6 8. exf7+ Kh8 9. Bb3 Bg4 10. c3 e5 11.
dxe5 dxe5 12. h3 Bxf3 13. Qxf3 Nc6 14. Nd2 Na5 15. Ne4 Nxb3 16. axb3 Qd5 17. c4 Qd7 18. h4 Qf5 19. h5 Rxf7 20. Ng5 Qxf3 21. gxf3 Re7 22.
hxg6 h6 23. Nf7+ Kg8 24. Bxh6 Nd7 25. Ke2 Nf6 26. Bg5 Re6 27. Nh6+ Kf8 28. Nf5 Ne8 29. Nxg7 Kxg7 30. Bh6+ Kxg6 31. Rag1+ Kf7 32. Be3 Rg6 33. Rxg6 Kxg6 34. Rh6+ Kg7 35. Re6 Kf7 36. Rxe5 Nd6 37.
Rh5 c6 38. Bf4 Ne8 39. Rh7+ Kg6 40. Rxb7 a5 41. Be5 Kf5 42. f4 a4 43. bxa4 Rxa4 44. b3 Ra2+ 45. Kf3 1-0

[Event "Late-Titled-Tuesday-Blitz-May-07-2024"]
[Site "Chess.com"]
[Date "2024.05.07"]
[Round "2"]
[White "HaryKane"]
[Black "rionelG"]
[Result "1-0"]
[WhiteElo "2535"]
[BlackElo "2294"]
[TimeControl "180+1"]
[EndTime "14:17:47 PDT"]
[Termination "HaryKane won on time"]

1. d4 d5 2. e3 b6 3. f4 Bb7 4.
Nf3 Nf6 5. c3 Ne4 6. Bd3 Nd7 7.
O-O Ndf6 8. Qe2 e6 9. Nbd2 Be7 10. Ne5 Rc8 11. Ba6 Bxa6 12. Qxa6 c6 13. Qxa7 O-O 14. Qb7 Nd6 15. Qa6 Nfe4 16. Qe2 b5 17. Nxe4 Nxe4 18. Bd2 c5 19. Be1 f6 20. Nd3 c4 21. Nf2 f5 22.
Nxe4 fxe4 23. g4 Qb6 24. Bg3 Rf7 25. f5 exf5 26. Rxf5 Rxf5 27. gxf5 Rf8 28. Rf1 Bg5 29. h4 Bh6 30. Kh2 Qf6 31. Qf2 Ra8 32. Be5 Qf7 33.
a3 Ra6 34. Qg3 Qe8 35. f6 1-0

[Event "Late-Titled-Tuesday-Blitz-May-07-2024"]
[Site "Chess.com"]
[Date "2024.05.07"]
[Round "2"]
[White "Redzishchess"]
[Black "JaackCamel"]
[Result "1-0"]
[WhiteElo "2506"]
[BlackElo "2202"]
[TimeControl "180+1"]
[EndTime "14:17:49 PDT"]
[Termination "Redzishchess won by resignation"]

1. Nf3 d5 2. d4 e6 3. c4 c6 4. Qc2 dxc4 5. Qxc4 b5 6. Qc2 Nd7 7. g3 c5 8. Bg2 Bb7 9. e3 Ngf6 10. O-O Be7 11. Rd1 Rc8 12. Qe2 a6 13. dxc5 Bxc5 14. Nc3 O-O 15. Bd2 Qb6 16. a4 b4 17. a5 Qa7 18. Na4 Be7 19. Rac1 h6 20. Be1 Bd5 21. Nd4 Bxg2 22. Kxg2 Nc5 23. Nb6 Rc7 24. Bxb4 Re8 25. Rc2 Nce4 26. Bxe7 Rexe7 27. Nc6 Rxc6 28. Rxc6 Qb7 29.
Rc8+ Kh7 30. Qf3 Qa7 31. Rdd8 Ng5 32. Qa8 Qxa8+ 33. Rxa8 Kg6 34. Rxa6 Nge4 35. Raa8 Nc5 36. a6 Nfe4 37. a7 Rb7 38. Nc8 Na6 39. Nd6 Nxd6 40. Rxd6 Nc7 41. Rd7 Rxb2 42. Rxc7 Rd2 43. Rac8 Ra2 44.
a8=Q 1-0

[Event "Late-Titled-Tuesday-Blitz-May-07-2024"]
[Site "Chess.com"]
[Date "2024.05.07"]
[Round "2"]
[White "N_Mullodzhanov"]
[Black "Genghis_K"]
[Result "0-1"]
[WhiteElo "2555"]
[BlackElo "2956"]
[TimeControl "180+1"]
[EndTime "14:17:52 PDT"]
[Termination "Genghis_K won by checkmate"]

1. e4 e5 2. Nf3 Nc6 3. d4 exd4 4. Nxd4 Bc5 5. Be3 Qf6 6. c3 Nge7 7. Bc4 b6 8. O-O Bb7 9. f4 O-O-O 10. b4 Bxd4 11. cxd4 Nxb4 12. a3 Nbc6 13. Nc3 Rhe8 14. Qd2 Na5 15.
Ba2 d5 16. e5 Qg6 17. Bb1 Nc4 18. Qe2 Nf5 19. Bf2 h5 20. Qd3 Ne7 21. f5 Qg5 22. Ra2 f6 23. Qh3 Kb8 24. Bh4 Qh6 25. Re2 Nc6 26. exf6 gxf6 27. Rfe1 Rxe2 28. Nxe2 Re8 29.
Qf3 Nd2 30. Qf2 Nxb1 31. Rxb1 Qd2 32. Re1 Ba6 33. Nf4 Rxe1+ 34. Qxe1 Qxf4 35. Bg3 Qxd4+ 36. Kh1 Qe4 37. Qc1 Kb7 38. h3 d4 39. Qh6 Bf1 40. Qd2 d3 41. a4 Nd4 42. a5 Ne2 43. a6+ Kxa6 44. Qa2+ Kb7 45. Kh2 Qxg2# 0-1

[Event "Late-Titled-Tuesday-Blitz-May-07-2024"]
[Site "Chess.com"]
[Date "2024.05.07"]
[Round "2"]
[White "youngdinousaur"]
[Black "ACollins05"]
[Result "0-1"]
[WhiteElo "2295"]
[BlackElo "2535"]
[TimeControl "180+1"]
[EndTime "14:17:55 PDT"]
[Termination "ACollins05 won by resignation"]

1. d4 b5 2. e4 a6 3. a4 Bb7 4.
axb5 axb5 5. Rxa8 Bxa8 6. Nd2 b4 7. b3 e6 8. Bb2 Nf6 9. Bd3 Be7 10. Ne2 c5 11. O-O O-O 12. Ng3 Nc6 13. e5 Nd5 14. dxc5 Bxc5 15. Nde4 Be7 16. Qg4 f5 17. exf6 Nxf6 18.
Qh3 h6 19. Nh5 Nxh5 20. Qxh5 Qe8 21. Qg4 Qf7 22. Ng3 Bf6 23. Bxf6 Qxf6 24. Nh5 Qf7 25. Bg6 Qe7 26. Ra1 Ne5 27. Qg3 Nxg6 28. Qxg6 Bc6 29. h3 Rf5 30. Ng3 Rf6 31. Qd3 Qc5 32. Qe2 Rf8 33. Rd1 Bb5 34. Qd2 Bc6 35. Qe2 Ra8 36. Qc4 Qxc4 37. bxc4 Ra2 38. Rb1 Ra4 39. Ne2 Be4 40. Nd4 e5 41. Nf3 Bxc2 42. Rb2 b3 43. Nxe5 Ra7 44. Nf3 Rc7 45. Nd4 Bd1 46. Nxb3 Rb7 47. Rb1 Bxb3 48. Rb2 Kf7 49. c5 Bd5 50. f4 Rxb2 0-1

[Event "Late-Titled-Tuesday-Blitz-May-07-2024"]
[Site "Chess.com"]
[Date "2024.05.07"]
[Round "2"]
[White "Assumpcaos"]
[Black "Goryachkina"]
[Result "0-1"]
[WhiteElo "2174"]
[BlackElo "2705"]
[TimeControl "180+1"]
[EndTime "14:17:56 PDT"]
[Termination "Goryachkina won on time"]

1. d4 Nf6 2. c4 e6 3. Nc3 Bb4 4. e3 O-O 5. Bd3 d5 6. Nf3 dxc4 7. Bxc4 c5 8. O-O Nc6 9. Qe2 cxd4 10. Rd1 Qe7 11. exd4 h6 12. Bf4 Bd6 13. Be5 Bd7 14.
Rac1 Rad8 15. Nb5 Bb8 16. Bxb8 Rxb8 17. Nc3 Rfd8 18. d5 exd5 19. Nxd5 Nxd5 20. Rxd5 Qxe2 21. Bxe2 Be6 22. Rxd8+ Rxd8 23. a3 Nd4 24. Nxd4 Rxd4 25. Rd1 Rxd1+ 26. Bxd1 Kf8 27. Kf1 Ke7 28. Ke2 Kd6 29.
Ke3 Kc5 30. Be2 a5 31. Bf3 b5 32. Kd3 b4 33. axb4+ Kxb4 34. Kc2 Kc4 35. Be2+ Kd4 36. Kd2 g5 37. g3 f5 38. Bb5 f4 39. Bc6 Kc4 40.
Kc2 Bf5+ 41. Kd2 Kb3 42. Kc1 Kc4 43. Bb7 Kd3 44. Kd1 Bg4+ 45. f3 Be6 46. gxf4 gxf4 47.
Be4+ Ke3 48. Ke1 Bc4 0-1

[Event "Late-Titled-Tuesday-Blitz-May-07-2024"]
[Site "Chess.com"]
[Date "2024.05.07"]
[Round "2"]
[White "jk13"]
[Black "EliteChess0967"]
[Result "1-0"]
[WhiteElo "2633"]
[BlackElo "2403"]
[TimeControl "180+1"]
[EndTime "14:17:57 PDT"]
[Termination "jk13 won by resignation"]

1. e4 e5 2. Nf3 Nc6 3. Bc4 Bc5 4. d3 Nf6 5. c3 d6 6. Bb3 Bb6 7.
Nbd2 Ne7 8. O-O O-O 9. h3 Ng6 10. Re1 c6 11. d4 Re8 12. Nf1 exd4 13. cxd4 Nxe4 14. Bxf7+ Kxf7 15. Rxe4 Rxe4 16. Ng5+ Kg8 17. Nxe4 d5 18. Bg5 Qf8 19. Neg3 Bd7 20. Nh2 Re8 21. Nf3 Bc7 22. Qb3 b6 23. Rc1 h6 24. Bd2 Nf4 25.
Bxf4 Qxf4 26. Qc3 Bd6 27. a3 Qf7 28. Re1 Rxe1+ 29. Nxe1 Qf6 30. Nf3 Qe7 31. Qd2 Be6 32.
Ne2 Qf7 33. Qe3 Bd7 34. b4 Qe7 35. Qxe7 Bxe7 36. Ne5 Be8 37. f4 a5 38. bxa5 bxa5 39. a4 c5 40. dxc5 Bxc5+ 41. Kf1 Bxa4 42. Nc3 Bb3 43.
Nd3 Bc4 44. Ke2 a4 45. Nxa4 Bd6 46. g3 Kf7 47. Nb6 Kf6 48. Ke3 Bxd3 49. Kxd3 g5 50. Nxd5+ Kf5 51. Ne3+ Kf6 52. Ke4 gxf4 53. gxf4 Be7 54.
Nd5+ Kf7 55. Nxe7 Kxe7 56. Ke5 Kf7 57. Kf5 Kg7 58. Ke6 Kg6 59. f5+ Kh5 60. f6 Kh4 61. f7 1-0

[Event "Late-Titled-Tuesday-Blitz-May-07-2024"]
[Site "Chess.com"]
[Date "2024.05.07"]
[Round "2"]
[White "Hasangatin_Ramil"]
[Black "Oleksandr_Bortnyk"]
[Result "0-1"]
[WhiteElo "2666"]
[BlackElo "3062"]
[TimeControl "180+1"]
[EndTime "14:17:58 PDT"]
[Termination "Oleksandr_Bortnyk won by resignation"]

1. e4 Nf6 2. d3 d5 3. Nd2 e5 4.
Ngf3 Nc6 5. c3 Bd6 6. b4 a6 7. a3 O-O 8. Qc2 Qe7 9. g3 Bg4 10.
Bg2 Rad8 11. O-O Qd7 12. Bb2 Bh3 13. Nh4 Ne7 14. Rad1 Ng6 15. Nxg6 hxg6 16. Nf3 c6 17. c4 d4 18. c5 Bc7 19. Nd2 a5 20. Nc4 axb4 21.
axb4 Ra8 22. Ra1 Nh5 23. Qe2 Bxg2 24. Kxg2 Qe6 25. Rxa8 Rxa8 26. Ra1 Rb8 27. Ra7 Nf6 28. Bc1 Nd7 29. Qa2 f5 30. Nd2 Qxa2 31. Rxa2 Kf7 32. f3 Ke6 33. Nc4 b5 34. cxb6 Nxb6 35. Na5 c5 36.
Nc6 Rb7 37. Ra6 cxb4 38. Nxb4 Bd6 39. Bd2 Nd7 40. Nc6 Rb2 41. Nd8+ Ke7 42. Nc6+ Ke8 43.
Ra8+ Kf7 44. Rd8 Rxd2+ 45. Kh3 Ke6 46. Re8+ Kf6 47. Rd8 Rc2 48. Na5 Ke7 49. Rg8 Kf6 50. Nc4 Bf8 51. f4 Rxc4 52. dxc4 d3 0-1

[Event "Late-Titled-Tuesday-Blitz-May-07-2024"]
[Site "Chess.com"]
[Date "2024.05.07"]
[Round "2"]
[White "dlp300"]
[Black "DominguezOnYoutube"]
[Result "0-1"]
[WhiteElo "2644"]
[BlackElo "2996"]
[TimeControl "180+1"]
[EndTime "14:17:58 PDT"]
[Termination "DominguezOnYoutube won on time"]

1. e4 c5 2. Nf3 d6 3. d4 cxd4 4. Nxd4 Nf6 5. Nc3 a6 6. Be3 e5 7. Nb3 Be6 8. f3 h5 9. Qd2 Nbd7 10. O-O-O Be7 11. Kb1 Rc8 12. h3 b5 13. Nd5 Bxd5 14. exd5 Nb6 15. Bxb6 Qxb6 16. Bd3 h4 17. f4 e4 18. Be2 Kf8 19. Rhe1 g6 20. f5 g5 21. Qxg5 Qf2 22. Qd2 Rg8 23. Bf1 Qxd2 24. Rxd2 Rg5 25.
Nd4 Rc5 26. Nc6 Rxf5 27. a4 Rcxd5 28. Rxd5 Rxd5 29. axb5 axb5 30. Nxe7 Kxe7 31. Bd3 Re5 32. Be2 Rg5 33. Bf1 b4 34. Ka2 Rg3 35. Bd3 d5 36. Kb3 Kd6 37. Kxb4 exd3 0-1

[Event "Late-Titled-Tuesday-Blitz-May-07-2024"]
[Site "Chess.com"]
[Date "2024.05.07"]
[Round "2"]
[White "AreYouTokkieToMe"]
[Black "jlf287"]
[Result "1-0"]
[WhiteElo "2319"]
[BlackElo "2521"]
[TimeControl "180+1"]
[EndTime "14:17:58 PDT"]
[Termination "AreYouTokkieToMe won on time"]

1. c4 e6 2. g3 d5 3. Bg2 Nf6 4. Nf3 Be7 5. O-O O-O 6. Qc2 c6 7. d4 b6 8. Nbd2 Bb7 9. e4 Nbd7 10. cxd5 exd5 11. e5 Ne8 12. Re1 Nc7 13. Nf1 Ne6 14.
Ne3 g6 15. h4 Rc8 16. Qd3 c5 17. Ng4 cxd4 18. Nxd4 Ndc5 19. Qd1 Nxd4 20. Qxd4 Ne6 21. Qd1 Rc7 22. Bd2 Rd7 23. Rc1 Nc5 24. Bh6 Re8 25. Qd4 Ne6 26. Qd2 a5 27. a3 Nc5 28.
Bg5 Ne4 29. Bxe4 dxe4 30. Qf4 Bxg5 31. hxg5 Rde7 32. Nf6+ Kg7 33. Qh4 h5 34. gxh6+ Kh8 35. Nxe8 Rxe8 36. Qxd8 Rxd8 37. Rc7 Ba6 38. Rxf7 Re8 39.
Rc1 Rxe5 40. Rcc7 Re8 41. Rh7+ Kg8 42. Rhg7+ Kh8 43. Rxg6 Bd3 44. Rxb6 e3 45. fxe3 Be4 46. Kh2 Rf8 47. g4 1-0

[Event "Late-Titled-Tuesday-Blitz-May-07-2024"]
[Site "Chess.com"]
[Date "2024.05.07"]
[Round "2"]
[White "Mikayel99"]
[Black "super_emi_26"]
[Result "1-0"]
[WhiteElo "2598"]
[BlackElo "2845"]
[TimeControl "180+1"]
[EndTime "14:17:59 PDT"]
[Termination "Mikayel99 won by resignation"]

1. e4 g6 2. d4 Bg7 3. Nc3 d6 4.
Nf3 a6 5. a4 Nf6 6. Be2 O-O 7.
O-O Bg4 8. h3 Bxf3 9. Bxf3 Nc6 10.
d5 Ne5 11. Be2 c6 12. Be3 cxd5 13. exd5 Rc8 14. a5 Nc4 15. Bxc4 Rxc4 16. Re1 Qd7 17.
Qd3 Rfc8 18. Re2 Qe8 19. Bb6 Nd7 20. Rae1 Be5 21. Ne4 Nxb6 22. axb6 Qb5 23. c3 Qxb6 24. Ng5 Bf6 25. Ne4 Be5 26. Nd2 Rf4 27. g3 Ra4 28. Kg2 Qxb2 29. Nc4 Qxe2 30. Rxe2 Raxc4 31. Qb1 b5 32.
Ra2 Ra8 33. h4 Rxc3 34. h5 Kg7 35. Qb4 Rc4 36. Qd2 Rcc8 37. h6+ Kg8 38. Qa5 Rab8 39. Qb4 Rc4 40. Qb3 Rc3 41. Qb4 Rc4 42. Qb3 Rb6 43. Rc2 Rxc2 44. Qxc2 Rb8 45. Qc7 Re8 46. Qc6 Kf8 47.
Qxa6 b4 48. Qb7 Bc3 49. f4 f5 50. Kf3 Kf7 51. g4 fxg4+ 52. Kxg4 Kf6 53. Qd7 Kf7 54. f5 b3 55. Qe6+ Kf8 56. fxg6 hxg6 57. h7 Kg7 58. Qd7 Rh8 59. Qxe7+ Kh6 60. Qh4+ Kg7 61. Qe7+ Kh6 62. Qe3+ Kg7 63. Qxc3+ Kxh7 64. Qxb3 Rf8 65. Qb7+ Kg8 66. Qe7 Rf5 67. Qxd6 Kg7 68. Qe6 Rf6 69. Qe5 Kf7 70. d6 Re6 71. Qd5 Kf6 72. d7 1-0

[Event "Late-Titled-Tuesday-Blitz-May-07-2024"]
[Site "Chess.com"]
[Date "2024.05.07"]
[Round "2"]
[White "HeroWilczek"]
[Black "Denisenko_Denis"]
[Result "0-1"]
[WhiteElo "2543"]
[BlackElo "2384"]
[TimeControl "180+1"]
[EndTime "14:17:59 PDT"]
[Termination "Denisenko_Denis won by resignation"]

1. Nf3 d5 2. b3 Nf6 3. Bb2 Bf5 4. e3 e6 5. c4 Be7 6. Be2 h6 7. O-O O-O 8. h3 c6 9. d3 Nbd7 10. Ne5 Nxe5 11. Bxe5 a5 12. Nd2 a4 13. Nf3 Nd7 14. Bb2 axb3 15. axb3 Bf6 16. Qd2 Qb6 17. b4 dxc4 18. dxc4 Bxb2 19. Qxb2 Rfd8 20. Rfd1 Nf6 21. Nd4 Bg6 22. Bf3 Be4 23. c5 Qc7 24. Rxa8 Rxa8 25.
b5 Bxf3 26. Nxf3 cxb5 27. Qxb5 Ra5 28. Qb6 Rxc5 29. Qb1 Nd5 30. Qb2 b5 31. e4 Nf4 32.
Nd4 Qe5 33. Qb1 Rc4 34. Nxb5 Qxe4 35. Qxe4 Rxe4 36. Rd8+ Kh7 37. Nd6 Re1+ 38. Kh2 Kg6 39. Kg3 Nh5+ 40. Kf3 Rd1 41. Nb7 Rxd8 42. Nxd8 e5 43.
Nc6 f6 44. Ke4 Kf7 45. g3 g6 46. h4 Ng7 47. Nb4 Ne6 48. Nd3 h5 49. f4 exf4 50. gxf4 Ng7 51. Ne1 Nf5 52. Nf3 Ke6 53. Kd3 Kd5 54. Ke2 Ke4 0-1

[Event "Late-Titled-Tuesday-Blitz-May-07-2024"]
[Site "Chess.com"]
[Date "2024.05.07"]
[Round "2"]
[White "Firouzja2003"]
[Black "Ditman2007"]
[Result "1-0"]
[WhiteElo "3189"]
[BlackElo "2690"]
[TimeControl "180+1"]
[EndTime "14:18:00 PDT"]
[Termination "Firouzja2003 won by checkmate"]

1. e4 e6 2. d4 d5 3. e5 c5 4. c3 Nc6 5. Nf3 Nge7 6. Bd3 cxd4 7. cxd4 Nf5 8. Bxf5 exf5 9. Nc3 Be6 10. O-O Be7 11.
Qb3 Qd7 12. h4 h6 13. Rd1 Rg8 14. Nb5 a6 15. Nd6+ Bxd6 16. exd6 f6 17. h5 Na5 18.
Qb4 Nc4 19. Bf4 g5 20. hxg6 Rxg6 21. b3 a5 22. Qc5 Rc8 23. Qa7 Nxd6 24. Rac1 Rc6 25.
Bxd6 Qxd6 26. Qxb7 Rxc1 27. Rxc1 Qf4 28. Re1 Qd6 29. Nh4 Rg5 30. f4 Rh5 31. Ng6 Kd8 32. Qg7 Bd7 33. Qg8+ Kc7 34. Rc1+ Kb7 35. Qd8 a4 36.
bxa4 Ka6 37. Rb1 Qc6 38. Ne7 Qe6 39. Qa8# 1-0

[Event "Late-Titled-Tuesday-Blitz-May-07-2024"]
[Site "Chess.com"]
[Date "2024.05.07"]
[Round "2"]
[White "MFatigue"]
[Black "Onischuk_V"]
[Result "0-1"]
[WhiteElo "2512"]
[BlackElo "2825"]
[TimeControl "180+1"]
[EndTime "14:18:00 PDT"]
[Termination "Onischuk_V won by resignation"]

1. e4 d6 2. Nc3 g6 3. g3 Bg7 4.
Bg2 c5 5. d3 Nc6 6. f4 Nf6 7.
Nf3 O-O 8. O-O Rb8 9. h3 b5 10. g4 b4 11. Ne2 a5 12. Rb1 a4 13. Ng3 Qb6 14. Kh1 Ba6 15. Be3 b3 16. axb3 axb3 17. c3 Nd7 18. Re1 Rfc8 19. Qd2 Qb5 20. Bf1 Qb6 21. Bg2 Ra8 22. Ra1 Bb7 23. g5 Ra2 24. Rxa2 bxa2 25. Ra1 Ra8 26. Qc2 Qb5 27. Nd2 Qa4 28. Qxa4 Rxa4 29. Bf3 Nb4 30. Bd1 Ra8 31.
Bb3 Nxd3 32. Rxa2 Rxa2 33. Bxa2 Nxb2 34. c4 Nd1 35. Bg1 Nc3 36. Bb3 Nb8 37. Kg2 Nc6 38. Bc2 Nb4 39. Bb3 Kf8 40. Kf1 Nd3 41. Be3 Bd4 42. Bxd4 cxd4 43. f5 Nc5 44. fxg6 hxg6 45. Ne2 Nxe2 46. Kxe2 Nxe4 47. Nxe4 Bxe4 48. h4 e5 49. Kd2 Ke7 50. Bd1 Bf5 51. Be2 e4 52. Bd1 Ke6 53. Bb3 Ke5 54. c5 dxc5 55. Bxf7 e3+ 56.
Ke2 Kf4 57. Bd5 d3+ 0-1

[Event "Late-Titled-Tuesday-Blitz-May-07-2024"]
[Site "Chess.com"]
[Date "2024.05.07"]
[Round "2"]
[White "FabianoCaruana"]
[Black "duone"]
[Result "1-0"]
[WhiteElo "3075"]
[BlackElo "2443"]
[TimeControl "180+1"]
[EndTime "14:18:00 PDT"]
[Termination "FabianoCaruana won by resignation"]

1. d4 Nf6 2. c4 e6 3. Nc3 Bb4 4. Bg5 d5 5. cxd5 exd5 6. e3 O-O 7. Bd3 c6 8. Ne2 Nbd7 9. O-O h6 10. Bh4 Qc7 11.
Rc1 Re8 12. a3 Be7 13. f3 a6 14. Qd2 Bd6 15. Bg3 Bxg3 16. Nxg3 c5 17. e4 dxe4 18. fxe4 cxd4 19. Nd5 Nxd5 20. Rxc7 Nxc7 21. Nf5 Ne6 22.
Nd6 Rf8 23. Bc4 Ne5 24. Bd5 Bd7 25. Nxb7 Rab8 26. b4 Bc6 27. Nd6 Rbd8 28. Nf5 Rfe8 29. Qa2 Bb5 30. Rd1 d3 31. a4 Bc6 32. Ne3 Nf4 33.
Kf2 Nxd5 34. exd5 Bb7 35. Qb3 Rd6 36. b5 Red8 37. Qc3 f6 38. Nf5 R6d7 39. d6 g6 40. Ne7+ Kf7 41. Nc6 Bxc6 42. bxc6 Rxd6 43. Qb3+ Kg7 44. Qb7+ Kg8 45. c7 Ng4+ 46. Kg3 Ne3 47. cxd8=Q+ Rxd8 48. Qb3+ Kg7 49. Rxd3 Rxd3 50. Qxd3 Nf5+ 51.
Kf2 h5 52. Qxa6 Nd4 53. Qa7+ 1-0

[Event "Late-Titled-Tuesday-Blitz-May-07-2024"]
[Site "Chess.com"]
[Date "2024.05.07"]
[Round "2"]
[White "Yerkinio"]
[Black "laskakid"]
[Result "1-0"]
[WhiteElo "2675"]
[BlackElo "2408"]
[TimeControl "180+1"]
[EndTime "14:18:03 PDT"]
[Termination "Yerkinio won on time"]

1. e4 d6 2. d4 Nf6 3. Nc3 e5 4. Nf3 Nbd7 5. Bc4 Be7 6. O-O O-O 7. Re1 c6 8. a4 h6 9. h3 Re8 10. Ba2 a5 11. Nh4 exd4 12. Qxd4 Ne5 13. Bf4 g5 14. Bxe5 dxe5 15. Qxe5 gxh4 16. Qf4 Kg7 17. Rad1 Qb6 18. e5 Nd5 19. Bxd5 cxd5 20. Nxd5 Qg6 21. Nxe7 Rxe7 22. Qxh4 Rd7 23. Rxd7 Bxd7 24. Re3 Kh7 25. Rg3 Qe6 26. Qe4+ f5 27. Qxb7 Rg8 28. Rxg8 Kxg8 29. Qb8+ Kf7 30. b3 Bc6 31. Qc7+ Kg6 32. Qxa5 f4 33. f3 Kf5 34. Qc3 Qd5 35. Kh2 Ke6 36. a5 Bb7 37. b4 Qxe5 38. Qc4+ Kf6 39. a6 Ba8 40. b5 Qd6 41. c3 Qb6 42. Qd4+ Kg5 43.
Qxb6 1-0

[Event "Late-Titled-Tuesday-Blitz-May-07-2024"]
[Site "Chess.com"]
[Date "2024.05.07"]
[Round "2"]
[White "gunslinger222"]
[Black "ChessSwole"]
[Result "0-1"]
[WhiteElo "2304"]
[BlackElo "2626"]
[TimeControl "180+1"]
[EndTime "14:18:04 PDT"]
[Termination "ChessSwole won on time"]

1. d4 d5 2. Bg5 f6 3. Bf4 Nc6 4. e3 e5 5. Bg3 Be6 6. Bb5 e4 7. Ne2 a6 8. Bxc6+ bxc6 9. Nd2 Nh6 10. a3 Nf5 11. c4 h5 12. h3 Nxg3 13. Nxg3 Bf7 14. Qc2 Qd7 15. cxd5 cxd5 16. Ngxe4 Rb8 17. Nc3 Bd6 18. b4 O-O 19. Nb3 c6 20. Nc5 Qc8 21. Qe2 a5 22. Rb1 axb4 23. axb4 Re8 24. O-O Qf5 25.
Qf3 Qg5 26. g3 Bg6 27. h4 Qh6 28. Rbc1 Rxb4 29. Nxd5 Bxc5 30. Nxf6+ gxf6 31. Rxc5 Be4 32. Qxh5 Qxh5 33. Rxh5 Kg7 34. Rc5 Reb8 35. f3 Bd5 36.
e4 Bf7 37. Rxc6 Rxd4 38. g4 Rb2 39. Rf2 Rb1+ 40. Kg2 Rdd1 41. Kg3 Rg1+ 42. Kf4 Rh1 43.
h5 Rb5 44. Rfc2 Rhb1 45. R2c5 Rxc5 46. Rxc5 Rb7 47. Rc6 Be8 0-1

[Event "Late-Titled-Tuesday-Blitz-May-07-2024"]
[Site "Chess.com"]
[Date "2024.05.07"]
[Round "2"]
[White "Romadk"]
[Black "NaciSAN"]
[Result "1/2-1/2"]
[WhiteElo "2528"]
[BlackElo "2305"]
[TimeControl "180+1"]
[EndTime "14:18:04 PDT"]
[Termination "Game drawn by repetition"]

1. d4 Nf6 2. Nf3 g6 3. c4 Bg7 4.
Nc3 O-O 5. Bg5 d6 6. e3 Nbd7 7.
Be2 b6 8. O-O Bb7 9. Qc2 e6 10.
Rfe1 h6 11. Bh4 g5 12. Bg3 Re8 13. b4 a5 14. a3 Qe7 15. h3 axb4 16. axb4 Rxa1 17.
Rxa1 Ra8 18. Rxa8+ Bxa8 19. Qa4 Qd8 20. Qa7 Bc6 21.
b5 Qa8 22. Qxa8+ Bxa8 23. Nd2 e5 24. Nb3 Ne4 25. Bf3 Nxc3 26. Bxa8 Ne2+ 27. Kf1 Nxg3+ 28. fxg3 exd4 29. exd4 Kf8 30. Ke2 Ke7 31. Kd3 f5 32. Nd2 h5 33. Nf3 Bf6 34. Ne1 g4 35. Nc2 Bg5 36. Nb4 Nf6 37. Bb7 Kd7 38. Bc6+ Ke7 39. Nd5+ Nxd5 40. Bxd5 h4 41. hxg4 fxg4 42. gxh4 Bxh4 43.
Ke4 Kf6 44. Kf4 Bf2 45. Kxg4 Bxd4 46. Kf4 Be5+ 47. Ke4 Bg3 48. Kf3 Be5 49. Kg4 Bh2 50. Kh3 Be5 51. g4 Kg5 52. Be6 Bf4 53.
Bf5 Be5 54. Kg2 Kf4 55. Kf2 Bf6 56. Ke2 Bg5 57. Kd3 Ke5 58. Bd7 d5 59. cxd5 Kxd5 60. Bc6+ Ke5 61. Kc4 Bf4 62. Bd7 Kf6 63. Kd5 Kg5 64.
Bf5 Bd6 65. Kc6 Bf4 66. Kd5 Bd6 67. Kc6 Bf4 68. Kd5 1/2-1/2

[Event "Late-Titled-Tuesday-Blitz-May-07-2024"]
[Site "Chess.com"]
[Date "2024.05.07"]
[Round "2"]
[White "banjadvorovi"]
[Black "ArmanGhevondyanchess"]
[Result "1-0"]
[WhiteElo "2464"]
[BlackElo "2608"]
[TimeControl "180+1"]
[EndTime "14:18:05 PDT"]
[Termination "banjadvorovi won by resignation"]

1. d4 d5 2. c4 e6 3. Nc3 Nf6 4.
g3 Be7 5. Bg2 O-O 6. cxd5 exd5 7. Nf3 c6 8. O-O Bf5 9. a3 Nbd7 10. b4 Ne4 11. Nxe4 Bxe4 12. Bf4 a5 13. Qb3 Qb6 14. Bd2 Bxf3 15. Bxf3 Qxd4 16. Rad1 Qf6 17. bxa5 Nc5 18. Qc2 Rfe8 19. Rb1 Qg6 20. Qxg6 hxg6 21. Bb4 Ra7 22. Rfe1 Na4 23. e4 Bxb4 24. axb4 Nc3 25. Rbc1 Nxe4 26. Bxe4 dxe4 27. f3 f5 28. fxe4 fxe4 29.
Rc4 e3 30. Rc3 Re4 31. Rb3 b6 32. axb6 Rb7 33. Rexe3 Rxe3 34. Rxe3 Rxb6 35. Re4 Kf7 36. Kf2 Kf6 37. Ke3 g5 38. g4 Ra6 39. Rc4 Ke5 40.
Rc5+ Kf6 41. Kd4 Kf7 42. Rxg5 Ra2 43. h4 Rh2 44. h5 Rb2 45. Kc5 Rc2+ 46. Kb6 Rc4 47. Ka5 Kf6 48. Rc5 Rxg4 49. Rxc6+ Kf7 50. Rc5 Ke7 51. b5 Kd6 52. Kb6 Rg1 53. Rc6+ Kd7 54.
Rg6 Rg2 55. Rxg2 1-0